 Dungeon Crawl Stone Soup version 0.30.0-10-gfe55d96785 (webtiles) character file.

Game seed: 7403434965577471881

341 RascalDebosk the Magician (level 6, -2/45 HPs)
             Began as a Djinni Air Elementalist on May 14, 2023.
             Slain by a gnoll
             ... wielding a +0 spear
              (7 damage)
             ... on level 4 of the Dungeon.
             The game lasted 00:13:39 (2332 turns).

RascalDebosk the Magician (Djinni Air Elementalist) Turns: 2332, Time: 00:13:40

Health: -2/45      AC:  3    Str:  7    XL:     6   Next: 87%
Gold:   118        EV: 12    Int: 19    God:
                   SH:  0    Dex: 13

rFire   + + .        s - +1 dagger (venom)
rCold   x . .        (no shield)
rNeg    . . .        a - +0 robe
rPois   ∞            (no helmet)
rElec   .            p - +0 cloak
rCorr   +            (no gloves)
SInv    .            (boots unavailable)
Will    .....        (no amulet)
Stlth   ++           r - ring of resist corrosion
HPRegen 0.27/turn    (no ring)
MPRegen 0.00/turn

%: infuse magic (-3 HP)
@: flying
A: sickness immunity, fire resistance 2, cold vulnerability 1, float, innate
caster, HP casting, extra vitality 1
a: no special abilities


You were on level 4 of the Dungeon.
You visited 1 branch of the dungeon, and saw 4 of its levels.

You collected 118 gold pieces.

Inventory:

Hand Weapons
 s - a +1 dagger of venom (weapon)
Missiles
 k - a throwing net {@!f}
Armour
 a - a +0 robe (worn)
 p - a +0 cloak (worn)
Jewellery
 r - a ring of resist corrosion (left hand)
Wands
 q - a wand of iceblast (14)
Scrolls
 b - 4 scrolls of identify {unknown}
 c - a scroll of amnesia {unknown}
 e - a scroll of fear {unknown}
 f - 8 scrolls of teleportation {unknown}
 g - a scroll of magic mapping {unknown}
 l - a scroll of blinking {unknown}
 m - a scroll of fog {unknown}
Potions
 d - 3 potions of curing {unknown}
 h - 2 potions of haste {unknown}
 i - a potion of attraction {unknown}
 j - 3 potions of mutation {unknown}
 n - a potion of flight {unknown}
 o - a potion of resistance {unknown}


   Skills:
 * Level 2.9 Fighting
 - Level 2.1 Dodging
 - Level 1.5 Stealth
 * Level 4.6 Spellcasting
 + Level 1.8 Evocations


You knew the following spells:

 Your Spells              Type           Power      Damage    Failure   Level
a - Shock                 Conj/Air       88%        1d8       1%          1
b - Static Discharge      Conj/Air       44%        2-4/arc   3%          2
c - Swiftness             Air            22%        N/A       6%          3
d - Airstrike             Air            11%        2d(2-18)  19%         4
e - Kiss of Death         Conj/Necr      88%        2d12      1%          1
f - Scorch                Fire           44%        2d6       3%          2
Your spell library was empty.

Dungeon Overview and Level Annotations

Branches:
Dungeon (4/15)
 Temple: D:4-7

Altars:
Gozag


Innate Abilities, Weirdness & Mutations

You are immune to sickness and miasma.
You are immune to poison.
Your flesh is very heat resistant. (rF++)
You are vulnerable to cold. (rC-)
You float through the air rather than walking.
You learn spells naturally, not from books.
Your magical power is your life essence.
You have superior vitality. (+4 MHP)


Message History

The zap hits the gnoll!
The gnoll is severely wounded.
Casting: Shock (safe; 1% risk of failure)
Confirm with . or Enter, or press ? or * to list all spells.
Aiming: Shock (safe; 1% risk of failure)
Press: ? - help, Shift-Dir - straight line, f/p - gnoll
Aim: a gnoll, wielding a +2 flail of protection (lightly wounded, 77% to hit)
The zap hits the gnoll.
The gnoll is moderately wounded.
The zap hits the gnoll!
You kill the gnoll!
Casting: Shock (safe; 1% risk of failure)
Confirm with . or Enter, or press ? or * to list all spells.
Aiming: Shock (safe; 1% risk of failure)
Press: ? - help, Shift-Dir - straight line, f/p - gnoll
Aim: a gnoll, wielding a +2 flail of protection (moderately wounded, 77% to hit)
The zap misses the gnoll.
The zap hits the gnoll.
The gnoll is moderately wounded.
The gnoll closely misses you.
Casting: Shock (safe; 1% risk of failure)
Confirm with . or Enter, or press ? or * to list all spells.
Aiming: Shock (safe; 1% risk of failure)
Press: ? - help, Shift-Dir - straight line, f/p - gnoll
Aim: a gnoll, wielding a +2 flail of protection (moderately wounded, 77% to hit)
The zap hits the gnoll but does no damage.
The gnoll is moderately wounded.
The zap hits the gnoll!
You kill the gnoll!
The gnoll barely misses you. The gnoll hits you but does no damage.
Casting: Shock (safe; 1% risk of failure)
Confirm with . or Enter, or press ? or * to list all spells.
Aiming: Shock (safe; 1% risk of failure)
Press: ? - help, Shift-Dir - straight line, f/p - gnoll
Aim: a gnoll, wielding a +2 flail of protection (moderately wounded, 77% to hit)
The zap misses the gnoll.
The gnoll barely misses you.
The gnoll hits you from afar with a +0 spear!
Casting: Shock (safe; 1% risk of failure)
Confirm with . or Enter, or press ? or * to list all spells.
Aiming: Shock (safe; 1% risk of failure)
Press: ? - help, Shift-Dir - straight line, f/p - gnoll
Aim: a gnoll, wielding a +2 flail of protection (moderately wounded, 77% to hit)
The zap hits the gnoll.
The gnoll is heavily wounded.
The gnoll closely misses you. x2
Casting: Shock (safe; 1% risk of failure)
Confirm with . or Enter, or press ? or * to list all spells.
Aiming: Shock (safe; 1% risk of failure)
Press: ? - help, Shift-Dir - straight line, f/p - gnoll
Aim: a gnoll, wielding a +2 flail of protection (heavily wounded, 77% to hit)
The zap hits the gnoll.
The gnoll is severely wounded.
The gnoll hits you with a +2 flail of protection.
The gnoll barely misses you.
Casting: Shock (safe; 1% risk of failure)
Confirm with . or Enter, or press ? or * to list all spells.
Aiming: Shock (safe; 1% risk of failure)
Press: ? - help, Shift-Dir - straight line, f/p - gnoll
Aim: a gnoll, wielding a +2 flail of protection (severely wounded, 77% to hit)
The zap hits the gnoll but does no damage.
The gnoll is severely wounded.
The gnoll hits you with a +2 flail of protection!
* * * LOW HITPOINT WARNING * * *
The gnoll hits you from afar with a +0 spear.
* * * LOW HITPOINT WARNING * * *
Casting: Shock (safe; 1% risk of failure)
Confirm with . or Enter, or press ? or * to list all spells.
The gnoll is struck by an arc of lightning.
You kill the gnoll!
The gnoll is struck by an arc of lightning.
The gnoll is lightly wounded.
* * * LOW HITPOINT WARNING * * *
The gnoll hits you but does no damage.
Casting: Static Discharge (safe; 3% risk of failure)
Confirm with . or Enter, or press ? or * to list all spells.
Aiming: Shock (safe; 1% risk of failure)
Press: ? - help, Shift-Dir - straight line, f - gnoll
Aim: a gnoll, wielding a +0 spear (lightly wounded, 77% to hit)
The zap hits the gnoll.
The gnoll is severely wounded.
* * * LOW HITPOINT WARNING * * *
The gnoll barely misses you.
Casting: Shock (safe; 1% risk of failure)
Confirm with . or Enter, or press ? or * to list all spells.
Aiming: Shock (safe; 1% risk of failure)
Press: ? - help, Shift-Dir - straight line, f/p - gnoll
Aim: a gnoll, wielding a +0 spear (severely wounded, 77% to hit)
The zap misses the gnoll.
* * * LOW HITPOINT WARNING * * *
The gnoll hits you from afar with a +0 spear.
* * * LOW HITPOINT WARNING * * *
Casting: Shock (safe; 1% risk of failure)
Confirm with . or Enter, or press ? or * to list all spells.
Aiming: Shock (safe; 1% risk of failure)
Press: ? - help, Shift-Dir - straight line, f/p - gnoll
Aim: a gnoll, wielding a +0 spear (severely wounded, 77% to hit)
The zap hits the gnoll.
The gnoll is severely wounded.
* * * LOW HITPOINT WARNING * * *
The gnoll hits you from afar with a +0 spear!
You die...

######....#.....#.
#...##....#.....#.
#...##...##.....##
##..)##...###+#...
#...)........>#....
^
+.............#....
... ##...##.......#
.....##...##.......#
.....))@..###+####'#
.....g#...# ...
...). #...... ..
.... #........ ###
#.####.## #.# .# ...
# ...


You could see a gnoll.

Vanquished Creatures
  A scorpion (D:4)
  A howler monkey (D:4)
  Jessica (D:2)
  2 orc wizards (D:4)
  6 gnolls (D:4)
  4 adders
  A worm (D:3)
  5 orcs (D:4)
  2 ball pythons
  2 bats (D:1)
  8 endoplasms
  7 giant cockroaches
  8 goblins
  4 hobgoblins
  4 jackals (D:3)
  2 kobolds
  5 quokkas
  3 frilled lizards
  10 rats
76 creatures vanquished.

Notes
Turn   | Place    | Note
-------+----------+-------------------------------------------
     0 | D:1      | RascalDebosk the Djinni Air Elementalist began the quest
                  | for the Orb.
     0 | D:1      | RascalDebosk set off with the following spells memorised:
                  | Shock, Static Discharge, Swiftness, Airstrike.
     0 | D:1      | Reached XP level 1. HP: 15/15 MP: 0/0
   168 | D:1      | Reached XP level 2. HP: 19/21 MP: 0/0
   217 | D:1      | Reached skill level 3 in Spellcasting
   483 | D:2      | Reached XP level 3. HP: 23/25 MP: 0/0
   483 | D:2      | Learned a level 1 spell: Kiss of Death
   649 | D:2      | Noticed Jessica
   651 | D:2      | Killed Jessica
   652 | D:2      | Reached XP level 4. HP: 27/31 MP: 0/0
  1085 | D:2      | Reached skill level 4 in Spellcasting
  1229 | D:3      | Reached XP level 5. HP: 32/36 MP: 0/0
  1229 | D:3      | Learned a level 2 spell: Scorch
  1415 | D:3      | Found an opulent altar of Gozag.
  1569 | D:3      | You are sucked into a shaft and drop 1 floor!
  1588 | D:4      | Reached skill level 1 in Fighting
  1598 | D:4      | Reached skill level 1 in Evocations
  1748 | D:4      | Reached XP level 6. HP: 39/43 MP: 0/0
  2332 | D:4      | Slain by a gnoll

Illustrated notes

Levels and vault maps discovered:
D:1:      reono_arrival_mine, layout_basic
D:2:      layout_basic, fountainhead, grunt_ministairs_15,
          hangedman_decor_slide_cut, uniq_jessica
D:3:      layout_basic, grunt_gozag_breadcrumbs
D:4:      layout_gridville, minmay_temple_entry_enclosed_plants,
          nicolae_ossuary_entry_false_entrances

Skill      XL: |  1  2  3  4  5  6 |
---------------+-------------------+-----
Spellcasting   | 3 4 |  4.6
Fighting       | 1 2 |  2.9
Evocations     | 1 |  1.8
Dodging        | |  2.1
Stealth        | |  1.5

Action                     |  1- 3 |  4- 6 || total
---------------------------+-------+-------++-------
   Cast: Shock             |    49 |   113 ||   162
         Static Discharge  |     1 |     9 ||    10
         Swiftness         |       |     1 ||     1
 Armour: Robe              |     3 |     7 ||    10
  Dodge: Dodged            |     3 |    30 ||    33
